 Dungeon Crawl Stone Soup version 0.26.1-11-gd32895ea62 (webtiles) character file.

Game seed: 16828624775387818379

21 Zeld the Twirler (level 2, 0/19 HPs)
             Began as an Octopode Gladiator on May 23, 2021.
             Slain by a quokka (3 damage)
             ... on level 3 of the Dungeon.
             The game lasted 00:00:51 (924 turns).

Zeld the Twirler (Octopode Gladiator)                Turns: 924, Time: 00:00:52

Health: 0/19       AC:  1    Str: 13    XL:     2   Next: 87%
Magic:  2/2        EV: 14    Int: 10    God:
Gold:   55         SH:  0    Dex: 13    Spells: 1/1 levels left

rFire    . . .     SeeInvis .   a - +0 quarterstaff
rCold    . . .     Faith    .   (shield currently unavailable)
rNeg     . . .     Spirit   .   b - +0 hat
rPois    .         Reflect  .   (no amulet)
rElec    .         Harm     .   (no ring)
rCorr    .         Rampage  .   (no ring)
Will     .....                  (no ring)
Stlth    ++........             (no ring)
HPRegen  0.06/turn              (no ring)
MPRegen  0.08/turn              (no ring)
                                (no ring)
                                (no ring)

@: no status effects
A: almost no armour, stealthy swim, amphibious, 8 rings, constrict 8, camouflage
1, gelatinous body 1
a: no special abilities


You were on level 3 of the Dungeon.
You visited 1 branch of the dungeon, and saw 3 of its levels.

You collected 55 gold pieces.

Inventory:

Hand Weapons
 a - a +0 quarterstaff (weapon)
Missiles
 c - 3 throwing nets (quivered)
 f - 19 poisoned darts
Armour
 b - a +0 hat (worn)
Scrolls
 e - a scroll of identify {unknown}
 g - a scroll of teleportation {unknown}
 i - a scroll of blinking {unknown}
 j - 2 scrolls of immolation {unknown}
 k - a scroll of amnesia {unknown}
Potions
 d - 2 potions of brilliance {unknown}
 h - a potion of haste {unknown}


   Skills:
 - Level 2.0 Fighting
 * Level 4.0 Staves
 - Level 2.0 Throwing
 - Level 3.0 Dodging


You had one spell level left.
You didn't know any spells.
Your spell library was empty.

Dungeon Overview and Level Annotations

Branches:
Dungeon (3/15)

Altars:
Kikubaaqudgha
Qazlal
Sif Muna
Vehumet
Xom


Innate Abilities, Weirdness & Mutations

You cannot wear most types of armour.
You are very stealthy in the water. (Stealth+)
You are amphibious.
You can wear up to eight rings at the same time.
You can use your tentacles to constrict eight enemies at once.
Your skin changes colour to match your surroundings (Stealth+).
Your rubbery body absorbs attacks. (AC +1, EV +1)


Message History

You are too injured to fight recklessly!
You hit the orc. You grab the orc. You squeeze the orc.
You kill the orc!
The orc closely misses you.
Things that are here:
a +0 falchion; an orc corpse You barely miss the orc.
You grab the orc. You squeeze the orc.
The orc is lightly wounded.
You constrict the orc. The orc barely misses you.
You barely miss the orc. You squeeze the orc.
You kill the orc!
The orc barely misses you.
You sock the orc!
You kill the orc!
The orc hits you from afar with a +0 trident.
* * * LOW HITPOINT WARNING * * *
Your Staves skill increases to level 4!
You miss the quokka. You grab the quokka. You constrict the quokka.
The quokka bites you.
You die...

##########
#........#####..
########........
#.r@.........#
#.._o####.#####.#
# #..#..# #.# #
.... ##.# #.# #
### ..# #.### #
..# #...# ###
.#.# #.#.#
#.#####.. .#.#
#.#.###........
#....########..


You could see an orc and a quokka.

Vanquished Creatures
  An ooze (D:2)
  3 orcs (D:3)
  3 goblins (D:3)
  2 hobgoblins
  2 kobolds
  A rat (D:3)
12 creatures vanquished.

Notes
Turn   | Place    | Note
-------+----------+-------------------------------------------
     0 | D:1      | Zeld the Octopode Gladiator began the quest for the Orb.
     0 | D:1      | Reached XP level 1. HP: 14/14 MP: 1/1
   233 | D:2      | Found a radiant altar of Vehumet.
   234 | D:2      | Found an ancient bone altar of Kikubaaqudgha.
   234 | D:2      | Found a shimmering blue altar of Sif Muna.
   235 | D:2      | Found a shimmering altar of Xom.
   242 | D:2      | Reached XP level 2. HP: 14/19 MP: 2/2
   870 | D:3      | Found a faded altar of an unknown god.
   902 | D:3      | Found a stormy altar of Qazlal.
   924 | D:3      | Reached skill level 4 in Staves
   924 | D:3      | Slain by a quokka

Illustrated notes

Levels and vault maps discovered:
D:1:      amcnicky_arrival_feature_with_door, layout_basic
D:2:      layout_basic, chequers_temple_overflow_statue_of_worship
D:3:      kennysheep_goblin_castle, layout_loops_ring,
          overflow_temple_1_default, lemuel_doored_altar,
          nicolae_overflow_hidden_temple,
          chequers_ecumenical_altar_simple_redux, chequers_hall_statues_wall_a

Skill      XL: |  1  2 |
---------------+-------+-----
Staves         | 4 |  4.0
Fighting       | |  2.0
Throwing       | |  2.0
Dodging        | |  3.0

Action                   || total
-------------------------++-------
Melee: Quarterstaff      ||    24
       Tentacles         ||     7
       Constrict         ||     6
 Stab: Sleeping          ||     2
Dodge: Dodged            ||    15
